 Dungeon Crawl Stone Soup version 0.28.0 (webtiles) character file.

Game seed: 11708713351921803084

2387 RaderH2O the Spear-Bearer (level 9, 0/80 HPs)
             Began as a Minotaur Berserker on Feb 14, 2022.
             Was an Elder of Trog.
             Slain by a vampire mosquito (2 damage)
             ... while petrified by a basilisk
             ... on level 11 of the Dungeon.
             The game lasted 00:32:39 (8711 turns).

RaderH2O the Spear-Bearer (Minotaur Berserker)      Turns: 8711, Time: 00:32:39

Health: 0/80       AC:  5    Str: 30    XL:     9   Next: 22%
Magic:  8/8        EV:  2    Int: 10    God:    Trog [****..]
Gold:   382        SH:  0    Dex: 14    Spells: 8/8 levels left

rFire   . . .      SeeInvis .   a - +1 spear (vorpal)
rCold   . . .      Faith    .   (no shield)
rNeg    + + +      Spirit   .   d - +3 leather armour
rPois   ∞          Reflect  .   (helmet restricted)
rElec   .          Harm     .   (no cloak)
rCorr   .          Rampage  .   i - +2 pair of gloves
Will    .....                   (no boots)
Stlth   ++........              (no amulet)
HPRegen 0.23/turn               j - ring "Rehitybi" {*Corrode rN+ Str+4 Int+6 Dex+4}
MPRegen 0.11/turn               (no ring)

@: petrified, marked, corroded
A: horns 2, retaliatory headbutt
a: Renounce Religion, Berserk, Trog's Hand, Brothers in Arms


You were on level 11 of the Dungeon.
You worshipped Trog.
Trog was greatly pleased with you.
You visited 1 branch of the dungeon, and saw 10 of its levels.

You collected 382 gold pieces.

Inventory:

Hand Weapons
 a - a +1 vorpal spear (weapon)
Missiles
 h - 22 poisoned darts (quivered)
 z - a throwing net
Armour
 b - a +0 animal skin
 d - a +3 leather armour (worn)
 i - a +2 pair of gloves (worn)
Jewellery
 j - the ring "Rehitybi" (left hand) {*Corrode rN+ Str+4 Int+6 Dex+4}
   (You found it on level 6 of the Dungeon)

   [ring of intelligence]

   Str:       It affects your strength (+4).
   Int:       It affects your intelligence (+6).
   Dex:       It affects your dexterity (+4).
   rN:        It protects you from negative energy.
   *Corrode:  It may corrode you when you take damage.
 u - a ring of see invisible
 y - an amulet of the acrobat
Wands
 o - a wand of mindburst (12)
 p - a wand of acid (10)
 q - a wand of flame (15)
 v - a wand of iceblast (8)
Scrolls
 c - a scroll of noise
 r - a scroll of teleportation
 t - 3 scrolls of identify
 w - a scroll of blinking {unknown}
Potions
 e - a potion of flight
 f - 2 potions of might
 g - 2 potions of haste
 k - a potion of attraction
 l - a potion of heal wounds
 m - a potion of magic {unknown}
 n - 3 potions of curing {unknown}
 s - 2 potions of brilliance {unknown}
 x - a potion of lignification {unknown}


   Skills:
 + Level 7.7 Fighting
 + Level 10.3 Polearms
 + Level 5.3 Armour
 + Level 6.0 Dodging
 + Level 3.0 Stealth
 + Level 0.3 Evocations


You had 8 spell levels left.
You didn't know any spells.
Your spell library was empty.

Dungeon Overview and Level Annotations

Branches:
Dungeon (11/15)            Temple (0/1) D:5
   Lair: D:8-11         Orc: D:9-12

Altars:
Sif Muna

Shops:
D:6 *

Annotations:
D:7 exclusion: hornet
D:8 exclusions: basilisk, cyclops and troll
D:11 exclusions: cyclops and manticore


Innate Abilities, Weirdness & Mutations

You have a pair of horns on your head.
You reflexively headbutt those who attack you in melee.


Message History

You have turned to stone.
Your surroundings suddenly seem different.
An orc warrior, 2 orc priests, an orc wizard and a vampire mosquito come into view.
Found a hand axe.
The orc priest shouts!
The orc wizard shouts!
The orc wizard gestures at you while chanting.
The puff of flame hits you but does no damage.
A sourceless malevolence fills the Dungeon...
With a horrendous wail, an alarm goes off!
A sentinel's mark forms upon you.
You hear an angry buzzing noise. x2; You hear a shout!
You hear a howl!
You hear a shout! x20; You hear an angry hiss.
You hear a shout!
A vampire mosquito comes into view.
The orc wizard is engulfed in a cloud of scalding steam.
The orc priest invokes the aid of Beogh against you.
Beogh smites you!
A vampire mosquito comes into view.
A howler monkey comes into view.
The orc wizard is engulfed in a cloud of scalding steam.
The orc wizard dies!
The orc priest looks braver for a moment.
The vampire mosquito bites you.
Your corrosive artefact corrodes you!
The vampire mosquito bites you but does no damage.
The vampire mosquito bites you. The vampire mosquito bites you.
The orc priest invokes the aid of Beogh against you.
Beogh smites you!
* * * LOW HITPOINT WARNING * * *
The vampire mosquito bites you!
* * * LOW HITPOINT WARNING * * *
The orc warrior hits you with a +0 dire flail.
* * * LOW HITPOINT WARNING * * *
The orc priest looks encouraged for a moment.
The vampire mosquito bites you!
* * * LOW HITPOINT WARNING * * *
The vampire mosquito bites you!
* * * LOW HITPOINT WARNING * * *
The vampire mosquito bites you!
* * * LOW HITPOINT WARNING * * *
The vampire mosquito bites you.
You die...

.. ... ....
##+#####h8≈≈
#.....#..≈
+.......
#....y#
#...@y#
#...yo...oo.
#.....#..≈≈#
#.....# .≈≈)
#.....# ≈≈.
#...).. 8≈
####### ≈


You could see an orc warrior, 3 vampire mosquitoes, a howler monkey and 2 orc
priests.

Vanquished Creatures
  A wyvern (D:9)
  An orc warrior (D:8)
  A hornet zombie (D:8)
  2 necrophages (D:6)
  A centaur (D:11)
  3 ogres
  A kobold brigand (D:8)
  4 bullfrogs
  A gnoll sergeant (D:7)
  3 scorpions
  2 water moccasin zombies
  A water moccasin skeleton (D:4)
  4 wights (D:7)
  A bullfrog zombie (D:5)
  3 hounds
  A centaur zombie (D:8)
  2 jellies
  A bullfrog skeleton (D:5)
  A centaur skeleton (D:4)
  2 orc priests (D:5)
  An orc wizard (D:6)
  2 iguanas
  A howler monkey zombie (D:9)
  3 gnolls (D:7)
  4 adders
  2 river rats (D:3)
  2 shadow imps
  2 white imps
  2 ufetubi
  6 dart slugs
  25 orcs
  5 endoplasms
  5 giant cockroaches
  4 goblins
  11 hobgoblins
  4 jackals (D:2)
  2 quokkas
  12 ball pythons
  11 bats
  4 frilled lizards
  12 kobolds
  5 rats
161 creatures vanquished.

Vanquished Creatures (collateral kills)
  An endoplasm (D:1)
  3 kobolds (D:8)
4 creatures vanquished.

Vanquished Creatures (others)
  An orc wizard (D:11)
  2 plants (D:3)
3 creatures vanquished.

Grand Total: 168 creatures vanquished

Notes
Turn   | Place    | Note
-------+----------+-------------------------------------------
     0 | D:1      | RaderH2O the Minotaur Berserker began the quest for the
                  | Orb.
     0 | D:1      | Reached XP level 1. HP: 19/19 MP: 0/0
   212 | D:1      | Reached XP level 2. HP: 27/27 MP: 1/1
   217 | D:1      | Reached skill level 4 in Polearms
   616 | D:1      | Reached XP level 3. HP: 33/33 MP: 2/2
   688 | D:1      | Found a faded altar of an unknown god.
   839 | D:1      | Reached ** piety under Trog
  1629 | D:2      | Reached XP level 4. HP: 41/41 MP: 3/3
  2251 | D:3      | Reached skill level 5 in Polearms
  2545 | D:3      | Found a glowing drain.
  2564 | D:3      | Reached *** piety under Trog
  2959 | D:4      | Noticed an ogre
  2983 | D:4      | Reached XP level 5. HP: 47/47 MP: 4/4
  3020 | D:4      | Killed an ogre
  3021 | D:4      | Reached skill level 1 in Stealth
  3061 | D:4      | Reached XP level 6. HP: 49/55 MP: 5/5
  3102 | D:4      | Reached skill level 6 in Polearms
  3156 | D:4      | Reached skill level 5 in Fighting
  3667 | D:5      | Entered Level 5 of the Dungeon
  3925 | D:5      | Reached XP level 7. HP: 30/61 MP: 6/6
  4507 | D:5      | Found a staircase to the Ecumenical Temple.
  4626 | D:5      | Found a shimmering blue altar of Sif Muna.
  4671 | D:5      | Reached skill level 7 in Polearms
  5172 | D:6      | Reached skill level 5 in Dodging
  5292 | D:6      | Reached skill level 8 in Polearms
  5292 | D:6      | Reached XP level 8. HP: 55/70 MP: 7/7
  5696 | D:6      | Found Efupriqir's Assorted Antiques.
  5722 | D:6      | Identified the ring "Rehitybi" {*Corrode rN+ Str+4 Int+6
                  | Dex+4}
  6544 | D:7      | Reached skill level 9 in Polearms
  6823 | D:7      | Noticed a hornet
  7323 | D:8      | Reached **** piety under Trog
  7324 | D:8      | Reached skill level 5 in Armour
  7746 | D:8      | Reached skill level 10 in Polearms
  7746 | D:8      | Reached XP level 9. HP: 65/79 MP: 8/8
  8066 | D:8      | Noticed a cyclops
  8253 | D:8      | Noticed a troll
  8610 | D:9      | You fall into a shaft and drop 2 floors!
  8649 | D:11     | Noticed a manticore
  8667 | D:11     | Noticed a cyclops
  8702 | D:11     | Noticed a two-headed ogre
  8711 | D:11     | HP: 2/80 [vampire mosquito (4)]
  8711 | D:11     | Slain by a vampire mosquito

Illustrated notes

Levels and vault maps discovered:
D:1:      nagdon_arrival_double_spiral, layout_basic,
          shapermc_ecumenical_altar_mp_vishouse, serial_bayou_pond_e
D:2:      layout_basic
D:3:      corexii_shack_village, layout_loops_ring, portal_sewer_entry_b,
          saegor_snake_ambush
D:4:      layout_cave_pools
D:5:      layout_basic, kennysheep_orc_sif_temple, temple_pool_b,
          grunt_ministairs_9
D:6:      layout_loops_ring, serial_shops, kennysheep_little_box,
          minmay_crossroads
D:7:      layout_loops_ring, enter_bailey_8
D:8:      minmay_tri_box, layout_cave_pools
D:9:      layout_basic, dpeg_oklobed_lair
D:11:     layout_basic, erik_orc_2

Skill      XL: |  1  2  3  4  5  6  7  8  9 |
---------------+----------------------------+-----
Polearms       | 4 5 6 8 10 | 10.3
Fighting       | 4 5 7 |  7.7
Dodging        | 3 4 5 6 |  6.0
Armour         | 3 4 5 |  5.3
Stealth        | 1 2 3 |  3.0
Evocations     | |  0.3

Action                   |  1- 3 |  4- 6 |  7- 9 || total
-------------------------+-------+-------+-------++-------
Melee: Spear             |   105 |   125 |   227 ||   457
       Headbutt          |    19 |    19 |    50 ||    88
       Punch             |     1 |       |     2 ||     3
Invok: Berserk           |       |     2 |     3 ||     5
Evoke: Wand              |       |       |     4 ||     4
  Use: Scroll            |     6 |       |    15 ||    21
       Potion            |       |     1 |       ||     1
 Stab: Sleeping          |       |       |     1 ||     1
Armor: Animal skin       |    16 |       |       ||    16
       Leather armour    |    15 |    33 |    50 ||    98
Dodge: Dodged            |    73 |    70 |   101 ||   244
